 Dungeon Crawl Stone Soup version 0.27.1-33-g824d729ab1 (webtiles) character file.

Game seed: 6747427321250508137

543 Vannish the Chiller (level 7, -6/36 HPs)
             Began as a Deep Elf Ice Elementalist on Dec 10, 2021.
             Mangled by an ogre (25 damage)
             ... on level 5 of the Dungeon.
             The game lasted 00:46:00 (6715 turns).

Vannish the Chiller (Deep Elf Ice Elementalist)     Turns: 6715, Time: 00:46:03

Health: -6/36      AC:  4    Str:  5    XL:     7   Next: 6%
Magic:  16/16      EV: 14    Int: 22    God:
Gold:   203        SH:  5    Dex: 15    Spells: 9/16 levels left

rFire    . . .     SeeInvis .   i - +0 spear (freeze)
rCold    . . .     Faith    .   (no shield)
rNeg     . . .     Spirit   .   a - +0 robe
rPois    +         Reflect  +   k - +0 helmet
rElec    .         Harm     .   n - +0 cloak
rCorr    .         Rampage  .   (no gloves)
Will     .....                  (no boots)
Stlth    +++.......             y - amulet of reflection
HPRegen  0.12/turn              o - ring of flight
MPRegen  0.15/turn              t - ring of poison resistance

@: flying
A: no striking features
a: no special abilities


You were on level 5 of the Dungeon.
You visited 1 branch of the dungeon, and saw 5 of its levels.

You collected 203 gold pieces.

Inventory:

Hand Weapons
 g - a +2 vorpal spear
 i - a +0 spear of freezing (weapon)
Missiles
 b - 148 stones
 s - 61 sling bullets
 v - 33 poisoned darts
 w - 4 large rocks
Armour
 a - a +0 robe (worn)
 f - a +0 ring mail
 j - a +0 animal skin
 k - a +0 helmet (worn)
 n - a +0 cloak (worn)
Jewellery
 o - a ring of flight (left hand)
 t - a ring of poison resistance (right hand)
 y - an amulet of reflection (around neck)
 z - a ring of willpower
Scrolls
 c - 2 scrolls of immolation {unknown}
 e - 2 scrolls of fog {unknown}
 p - a scroll of magic mapping {unknown}
 q - a scroll of silence {unknown}
 r - 3 scrolls of identify {unknown}
 u - a scroll of holy word {unknown}
Potions
 d - a potion of invisibility {unknown}
 h - a potion of ambrosia {unknown}
 l - a potion of cancellation {unknown}
 m - a potion of lignification {unknown}
 x - a potion of heal wounds {unknown}


   Skills:
 + Level 4.5 Dodging
 + Level 4.8 Stealth
 + Level 5.1 Spellcasting
 * Level 7.0 Ice Magic


You had 9 spell levels left.
You knew the following spells:

 Your Spells              Type           Power      Damage    Failure   Level
a - Freeze                Ice            100%       1d11      1%          1
b - Frozen Ramparts       Ice            72%        1d9       1%          3
c - Ozocubu's Armour      Ice            36%        N/A       1%          3

Your spell library contained the following spells:

 Spells                   Type           Power      Damage    Failure   Level
 Hailstorm                Conj/Ice       21%        3d6       24%         4


Dungeon Overview and Level Annotations

Branches:
Dungeon (5/15)
 Temple: D:4-7

Altars:
Elyvilon

Shops:
D:2 *   D:3 [


Message History

The hound is severely wounded.
The ufetubus barely misses you. The ufetubus misses you.
The hound barely misses you. The ufetubus hits you.
The ufetubus closely misses you.
Casting: Freeze (safe; 1% risk of failure)
Confirm with . or Enter, or press ? or * to list all spells.
Aiming: Freeze (safe; 1% risk of failure)
Press: ? - help, Shift-Dir - straight line, f/p - hound
Aim: a hound (severely wounded)
You freeze the hound.
You kill the hound!
The ufetubus hits you but does no damage.
The ufetubus hits you.
Your Ice Magic skill increases to level 7!
The ufetubus closely misses you. The ufetubus misses you.
The ufetubus completely misses you. You block the ufetubus's attack.
You block the ufetubus's attack. The ufetubus hits you.
You block the ufetubus's attack. x2
Casting: Freeze (safe; 1% risk of failure)
Confirm with . or Enter, or press ? or * to list all spells.
Aiming: Freeze (safe; 1% risk of failure)
Press: ? - help, Shift-Dir - straight line, f - ufetubus
Aim: an ufetubus (severely wounded)
Okay, then.
You closely miss the ufetubus.
The ufetubus is severely wounded.
You block the ufetubus's attack. The ufetubus barely misses you.
The ufetubus misses you. The ufetubus hits you.
You closely miss the ufetubus.
The ufetubus is severely wounded.
The ufetubus closely misses you. The ufetubus barely misses you.
The ogre barely misses you.
You miss the ufetubus.
The ufetubus is severely wounded.
You block the ufetubus's attack. The ufetubus completely misses you.
The ufetubus closely misses you.
The ufetubus hits you but does no damage.
The ogre hits you with a +0 giant club!!
Ouch! That really hurt!
You die...

##....####...###...............#
#.....# ##...#................#
......# ###..................#
......## ##.................#
#......# #.................#
#......### ##.................#
##.......## #...................
##........###....O..............
#..........)....@5..............
..#####.........................
### ##..........#........../.. #
##...........#####.........
##...#...#....# #......... #
##...###..#....# #.........
####...## #..#....# #..####..#
.##...## ##......# .....##
#......#


You could see an ogre and an ufetubus.

Vanquished Creatures
  An ogre (D:4)
  A hound (D:5)
  Crazy Yiuf (D:2)
  A bullfrog skeleton (D:4)
  A centaur skeleton (D:4)
  Natasha (thrice) (D:2)
  An iguana (D:4)
  Robin (D:2)
  7 gnolls (D:4)
  5 adders
  An adder skeleton (D:4)
  2 worms (D:2)
  5 dart slugs
  2 orcs (D:3)
  3 bats
  6 endoplasms
  4 giant cockroaches
  16 goblins
  9 hobgoblins
  8 jackals
  A quokka (D:4)
  8 ball pythons
  5 frilled lizards
  6 kobolds
  9 rats
107 creatures vanquished.

Vanquished Creatures (others)
  4 fungi (D:2)
  5 plants (D:2)
9 creatures vanquished.

Grand Total: 116 creatures vanquished

Notes
Turn   | Place    | Note
-------+----------+-------------------------------------------
     0 | D:1      | Vannish the Deep Elf Ice Elementalist began the quest for
                  | the Orb.
     0 | D:1      | Reached XP level 1. HP: 10/10 MP: 6/6
   493 | D:1      | Reached XP level 2. HP: 15/15 MP: 6/8
  1033 | D:1      | Reached skill level 5 in Ice Magic
  1478 | D:2      | Reached XP level 3. HP: 14/19 MP: 6/9
  1685 | D:2      | Noticed Natasha
  1698 | D:2      | Killed Natasha
  1704 | D:2      | Learned a level 3 spell: Frozen Ramparts
  1708 | D:2      | Learned a level 3 spell: Ozocubu's Armour
  1738 | D:2      | Found a faded altar of an unknown god.
  1841 | D:2      | Reached XP level 4. HP: 19/24 MP: 5/11
  1966 | D:2      | Noticed Robin
  1987 | D:2      | Killed Robin
  2155 | D:2      | Found a white marble altar of Elyvilon.
  2200 | D:2      | Found a runed translucent door.
  2201 | D:2      | Noticed Crazy Yiuf
  2269 | D:2      | Killed Crazy Yiuf
  2269 | D:2      | HP: 1/24 [poisoned by Crazy Yiuf]
  2904 | D:2      | Noticed Natasha
  2912 | D:2      | Killed Natasha
  2913 | D:2      | Reached XP level 5. HP: 28/28 MP: 6/13
  3500 | D:2      | Found Othuurio's General Store.
  3583 | D:2      | Noticed Natasha
  3589 | D:2      | Killed Natasha
  3590 | D:2      | Reached skill level 6 in Ice Magic
  4316 | D:3      | Found Anosuyn's Armour Emporium.
  4907 | D:4      | Reached XP level 6. HP: 20/32 MP: 8/14
  6283 | D:4      | Reached skill level 5 in Spellcasting
  6283 | D:4      | Reached XP level 7. HP: 36/36 MP: 8/16
  6539 | D:5      | Entered Level 5 of the Dungeon
  6705 | D:5      | Reached skill level 7 in Ice Magic
  6715 | D:5      | Mangled by an ogre

Illustrated notes

Levels and vault maps discovered:
D:1:      dpeg_arrival_solitude, layout_basic, kennysheep_crisscross
D:2:      layout_loops_ring, basic_altar, dreamdust_ecumenical_altar_grove,
          serial_shops, nicolae_lakefront_shop, st_stairs_1, feat_on_display,
          uniq_natasha, uniq_robin, uniq_crazy_yiuf_cottage
D:3:      layout_rooms, serial_shops, shop
D:4:      layout_basic
D:5:      layout_layer_cave, evilmike_ruin_ashenzari, temple_hall

Skill      XL: |  1  2  3  4  5  6  7 |
---------------+----------------------+-----
Ice Magic      | 5 6 7 |  7.0
Dodging        | 3 4 |  4.5
Stealth        | 3 4 |  4.8
Spellcasting   | 4 5 |  5.1

Action                   |  1- 3 |  4- 6 |  7- 9 || total
-------------------------+-------+-------+-------++-------
Melee: Unarmed           |     4 |       |       ||     4
       Spear             |       |    59 |     6 ||    65
 Cast: Freeze            |    50 |    87 |     3 ||   140
       Frozen Ramparts   |       |    13 |       ||    13
       Ozocubu's Armour  |       |     4 |       ||     4
  Use: Potion            |       |     2 |       ||     2
 Stab: Sleeping          |       |       |     1 ||     1
Armor: Robe              |     2 |    37 |     4 ||    43
Dodge: Dodged            |    23 |    93 |    20 ||   136
Block: Other             |       |       |     8 ||     8
